 Dungeon Crawl Stone Soup version 0.23.2 (webtiles) character file.

Game seed: 853275979465635923

7888 Peloso the Carver (level 11, -1/94 HPs)
             Began as a Minotaur Fighter on Apr 1, 2019.
             Was a High Priest of Okawaru.
             Slain by a fire crab (shapeshifter) (13 damage)
             ... on level 11 of the Dungeon.
             The game lasted 00:20:33 (10366 turns).

Peloso the Carver (Minotaur Fighter)               Turns: 10366, Time: 00:20:34

Health: -1/94      AC: 15    Str: 22    XL:     11   Next: 2%
Magic:  10/10      EV: 12    Int:  5    God:    Okawaru [*****.]
Gold:   764        SH: 12    Dex: 12    Spells: 10/10 levels left

rFire    . . .     SeeInvis .   a - +3 falchion (freeze)
rCold    + . .     Gourm    +   c - +0 shield
rNeg     + . .     Faith    .   y - +3 scale mail "Gaim" {rC+ rN+}
rPois    +         Spirit   .   (helmet restricted)
rElec    .         Reflect  .   (no cloak)
rCorr    .         Harm     .   p - +0 pair of gloves
MR       .....                  e - +0 pair of boots
Stlth    ..........             j - amulet of the gourmand
HPRegen  0.25/turn              J - +1 ring of protection
MPRegen  0.12/turn              G - ring of poison resistance

@: no status effects
A: retaliatory headbutt, horns 2
a: Heroism, Finesse, Renounce Religion


You were on level 11 of the Dungeon.
You worshipped Okawaru.
Okawaru was extremely pleased with you.
You were completely stuffed.

You visited 2 branches of the dungeon, and saw 12 of its levels.

You collected 764 gold pieces.

Inventory:

Hand Weapons
 a - a +3 falchion of freezing (weapon)
Armour
 b - a +0 scale mail
 c - a +0 shield (worn)
 e - a +0 pair of boots (worn)
 p - a +0 pair of gloves (worn)
 y - the +3 scale mail "Gaim" (worn) {rC+ rN+}
   (You found it on level 6 of the Dungeon)

   It protects you from cold.
   It protects you from negative energy.
 z - a +0 plate armour
Jewellery
 j - an amulet of the gourmand (around neck)
 l - an uncursed ring of protection from magic
 v - an uncursed amulet of the acrobat
 B - a +2 amulet of reflection
 G - a ring of poison resistance (right hand)
 J - a +1 ring of protection (left hand)
 M - an uncursed ring of protection from magic
Wands
 x - a wand of polymorph (17)
 E - a wand of acid (6)
 F - a wand of iceblast (7)
Scrolls
 g - a scroll of amnesia
 h - 4 scrolls of identify
 i - 3 scrolls of enchant weapon
 k - 6 scrolls of remove curse
 o - 2 scrolls of noise
 s - 4 scrolls of teleportation
 D - a scroll of magic mapping
 I - 2 scrolls of enchant armour {unknown}
 K - a scroll of blinking {unknown}
Potions
 d - 2 potions of might
 m - a potion of magic
 n - a potion of flight {unknown}
 q - 2 potions of haste
 r - 4 potions of curing
 t - 2 potions of brilliance
 u - 4 potions of heal wounds
 w - 2 potions of agility
 A - 2 potions of cancellation
 C - 2 potions of mutation
 H - a potion of ambrosia
Comestibles
 f - 18 rations


   Skills:
 + Level 8.1 Fighting
 + Level 12.4 Long Blades
 + Level 8.9 Armour
 + Level 5.7 Dodging
 + Level 1.6 Stealth
 + Level 10.3 Shields
 + Level 0.5 Invocations


You had 10 spell levels left.
You didn't know any spells.
Your spell library contained the following spells:

 Spells                   Type           Power        Failure   Level  Hunger
 Animate Skeleton         Necr           N/A          92%         1    ##.....
 Magic Dart               Conj           #...         92%         1    ##.....
 Pain                     Necr           #...         92%         1    ##.....
 Blink                    Tloc           N/A          98%         2    ###....
 Call Imp                 Summ           #.......     98%         2    ###....
 Poisonous Vapours        Pois/Air       #.....       98%         2    ###....
 Slow                     Hex            #.......     98%         2    ###....
 Conjure Flame            Conj/Fire      #.......     100%        3    ####...
 Mephitic Cloud           Conj/Pois/Air  #.......     100%        3    ####...
 Regeneration             Chrm/Necr      #.........   100%        3    ####...
 Vampiric Draining        Necr           #.........   100%        3    ####...
 Animate Dead             Necr           N/A          100%        4    #####..
 Freezing Cloud           Conj/Ice/Air   #.........   100%        6    #######
 Ring of Flames           Chrm/Fire      #.........   100%        7    #######


Dungeon Overview and Level Annotations

Branches:
Dungeon (11/15)            Temple (1/1) D:4            Lair (0/6) D:10
    Orc (0/2) D:10

Altars:
Ashenzari
Cheibriados
Dithmenos
Elyvilon
Fedhas
Gozag
Hepliaklqana
Kikubaaqudgha
Makhleb
Nemelex Xobeh
Okawaru
Qazlal
Ru
Sif Muna
Trog
Uskayaw
Vehumet
Wu Jian
Xom
Zin
The Shining One

Shops:
D:5 *   D:10 ([


Innate Abilities, Weirdness & Mutations

You reflexively headbutt those who attack you in melee.
You have a pair of horns on your head.


Message History

The orc wizard barely misses you.
You riposte.
You slash the orc wizard! You freeze the orc wizard.
You kill the orc wizard!
Okawaru accepts your kill. Something hits you but does no damage.
The fire crab breathes flames at you.
The blast of flame engulfs you but does no damage.
You are engulfed in blazing flames.
The orc priest begins to cast a cantrip, but forgets the words!
The purple ugly thing is engulfed in blazing flames.
The fire crab bites you!
You are engulfed in flames!
* * * LOW HITPOINT WARNING * * *
You block the fire crab's attack.
Found a potion of agility.
Okay, then.
The purple ugly thing is engulfed in blazing flames.
You block the fire crab's attack. The fire crab claws you.
* * * LOW HITPOINT WARNING * * *
You are engulfed in flames!
You die...

...<.........###.................
.................................
.................................
.>............#..................
.........##.##...................
....#....# #..................
...(#.......# #.....)o.".........
)...####.....##..t..............#
......##...<....@u..oo..........#
....................##...........
.....................#...........
................................#
............>....#.#............#
.................###............#
...............!..#..............
................................#
...##......#. .............###


You could see a purple ugly thing, a fire crab, 2 orc priests and an orc.

Vanquished Creatures
  Harold (D:7)
  An orc knight (D:10)
  Psyche (D:8)
  2 hornets
  A wyvern (D:11)
  A human (D:8)
  A soldier ant (D:10)
  Duvessa (D:5)
  2 water moccasins
  2 orc warriors
  2 sky beasts
  2 phantoms
  5 ogres
  2 black bears
  4 centaurs
  A crocodile (D:10)
  A big kobold (D:7)
  9 bullfrogs
  A gnoll sergeant (D:8)
  7 scorpions
  Dowan (D:5)
  3 howler monkeys (D:7)
  5 wights (D:9)
  4 crimson imps
  A bullfrog zombie (D:5)
  3 centaur zombies
  A jelly (D:8)
  3 hounds
  8 orc priests
  8 orc wizards
  4 centaur skeletons
  3 iguanas
  11 worker ants
  A hound zombie (D:5)
  A hound skeleton (D:4)
  A howler monkey skeleton (D:10)
  18 gnolls
  11 adders
  2 shadow imps
  2 oozes (D:2)
  An adder skeleton (D:7)
  2 worms (D:2)
  3 leopard geckos
  49 orcs
  A ball python (D:5)
  3 giant cockroaches
  6 goblins
  5 hobgoblins
  10 jackals
  5 quokkas
  9 bats
  5 frilled lizards
  14 kobolds
  5 rats
256 creatures vanquished.

Notes
Turn   | Place    | Note
-------+----------+-------------------------------------------
     0 | D:1      | Peloso the Minotaur Fighter began the quest for the Orb.
     0 | D:1      | Reached XP level 1. HP: 19/19 MP: 0/0
   186 | D:1      | Reached XP level 2. HP: 15/27 MP: 1/1
   986 | D:2      | Reached skill level 3 in Long Blades
   986 | D:2      | Reached XP level 3. HP: 20/33 MP: 2/2
  1376 | D:2      | Reached skill level 1 in Dodging
  1419 | D:2      | Reached XP level 4. HP: 10/40 MP: 3/3
  2259 | D:3      | Found a shadowy altar of Dithmenos.
  2261 | D:3      | Found a sparkling altar of Nemelex Xobeh.
  2404 | D:3      | Reached skill level 5 in Armour
  2404 | D:3      | Reached XP level 5. HP: 34/46 MP: 4/4
  2473 | D:3      | Reached skill level 4 in Long Blades
  2713 | D:3      | Found a radiant altar of Vehumet.
  2904 | D:4      | Found a staircase to the Ecumenical Temple.
  2924 | Temple   | Entered the Ecumenical Temple
  3056 | Temple   | Became a worshipper of Warmaster Okawaru
  3100 | D:4      | Reached XP level 6. HP: 40/53 MP: 5/5
  3109 | D:4      | Reached skill level 5 in Long Blades
  3109 | D:4      | Reached skill level 5 in Shields
  3125 | D:4      | Reached * piety under Okawaru
  3125 | D:4      | Reached skill level 5 in Fighting
  3419 | D:4      | Reached XP level 7. HP: 61/61 MP: 6/6
  3609 | D:4      | Reached skill level 6 in Long Blades
  3770 | D:5      | Entered Level 5 of the Dungeon
  4334 | D:5      | Reached ** piety under Okawaru
  4334 | D:5      | Reached skill level 7 in Long Blades
  4334 | D:5      | Reached XP level 8. HP: 64/70 MP: 7/7
  4676 | D:5      | Noticed Dowan
  4683 | D:5      | Killed Dowan
  4687 | D:5      | Noticed Duvessa
  4709 | D:5      | Killed Duvessa
  4709 | D:5      | Reached skill level 8 in Long Blades
  4826 | D:5      | Found Cushreff's Serpentskin Sales.
  5119 | D:6      | Got a slimy scale mail
  5130 | D:6      | Identified the +3 scale mail "Gaim" {rC+ rN+} (You found it
                  | on level 6 of the Dungeon)
  5432 | D:6      | Reached skill level 9 in Long Blades
  5555 | D:6      | Reached *** piety under Okawaru
  5561 | D:6      | Reached XP level 9. HP: 52/77 MP: 8/8
  5760 | D:7      | Noticed Harold
  5784 | D:7      | Killed Harold
  5784 | D:7      | Reached **** piety under Okawaru
  6042 | D:7      | Reached skill level 10 in Long Blades
  6955 | D:7      | Reached skill level 1 in Stealth
  7161 | D:8      | HP: 1/79 [water moccasin (5)]
  7474 | D:8      | Noticed Psyche
  7485 | D:8      | Killed Psyche
  7485 | D:8      | Reached ***** piety under Okawaru
  7485 | D:8      | Reached XP level 10. HP: 66/86 MP: 9/9
  7888 | D:8      | Reached skill level 11 in Long Blades
  8561 | D:9      | Reached skill level 5 in Dodging
  8587 | D:9      | Found an ornate altar of the Wu Jian Council.
  9026 | D:10     | Entered Level 10 of the Dungeon
  9134 | D:10     | Found a staircase to the Lair.
  9275 | D:10     | Found Beovaas's Weapon Shop.
  9275 | D:10     | Found a staircase to the Orcish Mines.
  9276 | D:10     | Noticed an orc knight
  9308 | D:10     | Killed an orc knight
  9308 | D:10     | Received a gift from Okawaru
  9308 | D:10     | Reached skill level 12 in Long Blades
  9308 | D:10     | Reached skill level 10 in Shields
  9337 | D:10     | Found Logassesm's Armour Shop.
 10190 | D:11     | Reached XP level 11. HP: 89/94 MP: 10/10
 10343 | D:11     | Noticed a purple ugly thing
 10359 | D:11     | Noticed a fire crab
 10366 | D:11     | Slain by a fire crab (shapeshifter)

Skill      XL: |  1  2  3  4  5  6  7  8  9 10 |
---------------+-------------------------------+-----
Armour         | 4 5 6 8 |  8.9
Shields        | 4 5 7 9 10 | 10.3
Fighting       | 4 5 6 7 8 |  8.1
Long Blades    | 3 4 5 7 9 10 12 | 12.4
Dodging        | 1 2 3 4 5 |  5.7
Stealth        | 1 |  1.6
Invocations    | |  0.5

Action                   |  1- 3 |  4- 6 |  7- 9 | 10-12 || total
-------------------------+-------+-------+-------+-------++-------
Melee: Long sword        |    71 |   125 |   421 |    99 ||   716
       Headbutt          |     6 |    21 |    87 |    76 ||   190
       Falchion          |       |       |       |   153 ||   153
Invok: Heroism           |       |       |     3 |     2 ||     5
  Use: Potion            |       |     1 |     1 |       ||     2
       Scroll            |       |       |     7 |    10 ||    17
  Eat: Chunk             |       |     7 |    31 |    10 ||    48
Armor: Scale mail        |    46 |    46 |    79 |    71 ||   242
       Chain mail        |       |       |    90 |       ||    90
Dodge: Dodged            |    41 |    51 |   132 |    76 ||   300
Block: Shield            |    62 |    62 |   215 |   139 ||   478
       Rpst.: Long sword |     7 |    16 |    31 |     8 ||    62
       Falchion          |       |       |       |    15 ||    15
